AoeStats
← ywb0401

Arena

509130855Analyzed
1v1 RM · 7d ago on Sep 25, 2026· 55m 49s· 2 players
Game mode
Random Map
Map size
Tiny (2 player)
Population
200
Speed
Normal
Resources
Standard
Victory
Conquest
Starting age
Dark Age
Ending age
Imperial Age
RankedLock teamsTeams togetherTeam positionsShared explorationLock speedFull tech treeHidden civsTurbo modeCheats
Victory
Defeat
🇺🇸 Byzantines · United States
849
+16
🇹🇼 Teutons · Taiwan
859
-16
boobers420
11:56 Feudal Age
13:29 Double-Bit Axe
13:27 Horse Collar
18:48 Castle Age
21:11 Bow Saw
27:06 Imperial Age
26:11 Fletching
26:02 Crossbowman
27:27 Loom
29:27 Chemistry
32:29 Block Printing
34:27 Padded Archer Armor
36:04 Two-Man Saw
40:15 Husbandry
42:17 Redemption
42:36 Illumination
42:58 Leather Archer Armor
42:50 Scale Barding Armor
42:56 Forging
44:27 Wheelbarrow
44:55 Bodkin Arrow
45:23 Devotion
46:35 Conscription
46:26 Heavy Plow
46:42 Cavalier
47:56 Chain Barding Armor
48:03 Hand Cart
48:38 Fervor
48:50 Sanctity
49:07 Theocracy
50:46 Gold Mining
50:18 Paladin
51:57 Ballistics
51:18 Treadmill Crane
51:35 Murder Holes
52:30 Plate Barding Armor
52:31 Iron Casting
51:58 Bracer
52:29 Ring Archer Armor
53:29 Bombard Tower
54:01 Crop Rotation
ywb0401
11:35 Feudal Age
12:36 Loom
15:47 Castle Age
13:42 Double-Bit Axe
28:08 Fervor
34:25 Imperial Age
32:46 Masonry
32:29 Fletching
32:50 Forging
35:01 Capped Ram
36:43 Crenellations
36:53 Crenellations
37:25 Bodkin Arrow
38:51 Horse Collar
39:16 Cavalier
42:34 Bloodlines
42:52 Scale Barding Armor
43:26 Iron Casting
44:34 Chain Barding Armor
45:35 Arrowslits
46:15 Ballistics
48:01 Plate Barding Armor
48:27 Blast Furnace
Connection lost

Rejoining the realm…

Still unreachable

The connection could not be restored.

Session expired

The server has moved on; the page needs a fresh start.